 Dungeon Crawl Stone Soup version 0.30-a0-719-gcc4359ea44 (webtiles) character file.

Game seed: 6560246743358437735

2436 Mitcholas the Skirmisher (level 9, 0/59 (74) HPs)
             Began as a Black Draconian Hunter on Jan 26, 2023.
             Was a Believer of Okawaru.
             Slain by a wight
             ... wielding a +0 great sword
              (3 damage)
             ... on level 6 of the Dungeon.
             The game lasted 00:15:30 (6038 turns).

Mitcholas the Skirmisher (Black Draconian Hunter)   Turns: 6038, Time: 00:15:30

HP:   0/59 (74)     AC:  7    Str: 13    XL:     9   Next: 25%
MP:   9/9           EV: 14    Int: 11    God:    Okawaru [**....]
Gold: 409           SH:  0    Dex: 18    Spells: 8/8 levels left

rFire   . . .      SeeInvis .    m - +1 sling (freeze)
rCold   . . .      Faith    .    (no shield)
rNeg    . . .      Spirit   .    (body armour unavailable)
rPois   .          Reflect  .    (helmet restricted)
rElec   +          Harm     .    (no cloak)
rCorr   .          Rampage  .    (no gloves)
Will    +....                    (no boots)
Stlth   +++                      z - amulet of regeneration
HPRegen 1.09/turn                A - ring of willpower
MPRegen 0.11/turn                (no ring)

@: heavily drained
A: breathe lightning, AC +7, unfitting armour, electricity resistance,
cold-blooded
a: Breathe Lightning, Renounce Religion, Heroism


You were on level 6 of the Dungeon.
You worshipped Okawaru.
Okawaru was pleased with you.
You visited 2 branches of the dungeon, and saw 8 of its levels.

You collected 409 gold pieces.

Inventory:

Hand Weapons
 a - a +0 shortbow
 m - a +1 sling of freezing (weapon)
Missiles
 i - 3 atropa-tipped darts (quivered)
Jewellery
 v - a ring of ice
 z - an amulet of regeneration (around neck)
 A - a ring of willpower (left hand)
Wands
 w - a wand of iceblast (10)
Scrolls
 b - 3 scrolls of immolation
 c - a scroll of fog {unknown}
 d - a scroll of torment {unknown}
 g - 6 scrolls of teleportation {unknown}
 h - a scroll of noise {unknown}
 j - 4 scrolls of identify {unknown}
 n - a scroll of fear {unknown}
 o - 2 scrolls of poison {unknown}
 p - a scroll of magic mapping {unknown}
 u - a scroll of amnesia {unknown}
 x - a scroll of blinking {unknown}
 y - a scroll of vulnerability {unknown}
Potions
 e - a potion of attraction {unknown}
 f - 2 potions of flight {unknown}
 k - a potion of heal wounds {unknown}
 l - a potion of magic {unknown}
 q - a potion of degeneration {unknown}
 r - 2 potions of brilliance {unknown}
 s - a potion of cancellation {unknown}
 t - a potion of lignification {unknown}
 B - a potion of ambrosia {unknown}
 C - a potion of curing


   Skills:
 + Level 5.5 Fighting
 * Level 9.8 Ranged Weapons
 + Level 4.4 Dodging
 - Level 4.0 Stealth


You had 8 spell levels left.
You didn't know any spells.
Your spell library contained the following spells:

 Spells                   Type           Power      Damage    Failure   Level
 Static Discharge         Conj/Air       0%         2-2/arc   47%         2
 Gell's Gravitas          Tloc           0%         N/A       71%         3
 Teleport Other           Tloc           0%         N/A       71%         3
 Vhi's Electric Charge    Tloc/Air       0%         N/A       71%         3
 Arcjolt                  Conj/Air       0%         1d10      100%        5
 Lightning Bolt           Conj/Air       0%         1d11      100%        5
 Dispersal                Tloc           0%         N/A       100%        6


Dungeon Overview and Level Annotations

Branches:
Dungeon (7/15)             Temple (1/1) D:6

Altars:
Ashenzari
Cheibriados
Dithmenos
Elyvilon
Fedhas
Kikubaaqudgha
Okawaru
Qazlal
Sif Muna
Trog
Uskayaw
Vehumet
Wu Jian
Xom
Yredelemnul
Lugonu

Shops:
D:1 *   D:3 *((*=   D:5 =!


Innate Abilities, Weirdness & Mutations

You can breathe wild blasts of lightning.
Your glossy black scales are hard. (AC +7)
You cannot fit into any form of body armour.
You are resistant to electric shocks. (rElec)
You are cold-blooded and may be slowed by cold attacks.


Message History

You are too injured to fight recklessly!
You are too injured to fight recklessly!
You are too injured to fight recklessly!
You are too injured to fight recklessly!
You shoot a sling bullet. The sling bullet hits the wight.
You destroy the wight!
Okawaru accepts your kill. The wight hits you but does no damage.
The wight hits you with a +0 great sword.
You feel drained.
Items here: $ ) ? [.
The wight attacks as you move away! The wight closely misses you.
You shoot a sling bullet. The sling bullet hits the wight.
The wight is lightly damaged.
You shoot a sling bullet. The sling bullet hits the wight.
The wight is moderately damaged.
The wight closely misses you.
You shoot a sling bullet.
The sling bullet closely misses the wight.
The wight hits you with a +0 great sword!
You shoot a sling bullet.
The sling bullet closely misses the wight.
The wight misses you.
You shoot a sling bullet.
The sling bullet closely misses the wight.
The wight hits you with a +0 great sword!
* * * LOW HITPOINT WARNING * * *
You feel drained.
* * * LOW HITPOINT WARNING * * *
You shoot a sling bullet.
The sling bullet hits the wight but does no damage.
The wight is moderately damaged.
The wight barely misses you.
You shoot a sling bullet.
The sling bullet hits the wight but does no damage.
The wight is moderately damaged.
The wight hits you with a +0 great sword!
* * * LOW HITPOINT WARNING * * *
You feel drained.
You die...

..# .## .# .# ^# .#
##### .# #...#
.######...##########
................@z>#
.######...########.#
.# #...# #.....# .#
#...# #.###.# .#
##### #.# #.# .# #.#
#.# .# #.# #.# .#
#.# #.# .## #.# #.#


You could see a wight.

Vanquished Creatures
  Pikel (D:5)
  Grinder (D:6)
  Sigmund (D:6)
  Edmund (D:5)
  2 black bears
  A centaur (D:7)
  An ogre (D:6)
  A lemure (D:5)
  A phantom (D:6)
  A bullfrog (D:3)
  Blork the orc (D:5)
  4 scorpions
  3 wights
  A jelly (D:6)
  A howler monkey (D:5)
  3 hounds
  5 iguanas
  An orc wizard (D:6)
  Robin (D:1)
  8 gnolls
  8 adders
  A white imp (D:7)
  An ufetubus (D:6)
  A worm (D:5)
  2 dart slugs
  8 orcs
  4 endoplasms
  5 giant cockroaches
  16 goblins
  8 hobgoblins
  12 jackals
  4 quokkas
  5 ball pythons
  3 bats
  7 frilled lizards
  5 kobolds
  10 rats
139 creatures vanquished.

Vanquished Creatures (others)
  3 plants (D:6)
3 creatures vanquished.

Grand Total: 142 creatures vanquished

Notes
Turn   | Place    | Note
-------+----------+-------------------------------------------
     0 | D:1      | Mitcholas the Draconian Hunter began the quest for the Orb.
     0 | D:1      | Reached XP level 1. HP: 17/17 MP: 1/1
    97 | D:1      | Reached skill level 4 in Ranged Weapons
   101 | D:1      | Reached XP level 2. HP: 17/24 MP: 2/2
   305 | D:1      | Found Punnusecir's General Store.
   315 | D:1      | Reached XP level 3. HP: 25/29 MP: 3/3
   724 | D:2      | Noticed Robin
   773 | D:2      | Found a faded altar of an unknown god.
   835 | D:1      | Killed Robin
   836 | D:1      | Reached skill level 5 in Ranged Weapons
   890 | D:2      | Reached XP level 4. HP: 36/36 MP: 4/4
  1686 | D:3      | Reached XP level 5. HP: 41/41 MP: 5/5
  1743 | D:3      | Reached skill level 6 in Ranged Weapons
  1831 | D:3      | Identified the +3 mace of Chagrin {flame, rElec}
  1846 | D:3      | Found Joivvuqe's General Store.
  1868 | D:3      | Found Sycoteagg's Jewellery Emporium.
  2035 | D:3      | Found Heph's Weapon Shoppe.
  2061 | D:3      | Found Jorolom's Weapon Shop.
  2197 | D:3      | Found a broken altar of Ashenzari.
  2201 | D:3      | Found a stormy altar of Qazlal.
  2205 | D:3      | Found a shimmering blue altar of Sif Muna.
  2366 | D:3      | Found Pyed's General Store.
  2399 | D:4      | You fall into a shaft and drop 3 floors!
  2576 | D:7      | Reached XP level 6. HP: 39/48 MP: 6/6
  2610 | D:7      | Noticed a sky beast
  2641 | D:7      | Found a basalt altar of Yredelemnul.
  2699 | D:7      | Reached skill level 7 in Ranged Weapons
  2891 | D:7      | Noticed an orc warrior
  2951 | D:6      | Found a staircase to the Ecumenical Temple.
  2957 | Temple   | Entered the Ecumenical Temple
  3304 | D:5      | Entered Level 5 of the Dungeon
  3410 | D:5      | Your scales start taking on a glossy black colour.
  3410 | D:5      | Reached XP level 7. HP: 5/55 MP: 7/7
  3410 | D:5      | Gained mutation: You are resistant to electric shocks.
                  | (rElec) [Black Draconian growth]
  3625 | D:5      | Noticed Blork the orc
  3628 | D:5      | Reached skill level 1 in Stealth
  3637 | D:5      | Killed Blork the orc
  3654 | D:5      | Reached skill level 8 in Ranged Weapons
  3774 | D:5      | Noticed Edmund
  3806 | D:5      | Found Cyngu's Distillery.
  4000 | D:4      | Found an iron altar of Okawaru.
  4005 | D:4      | Became a worshipper of Warmaster Okawaru
  4510 | D:5      | Found Gojan's Jewellery Shoppe.
  4540 | D:5      | Killed Edmund
  4587 | D:5      | Found a snail-covered altar of Cheibriados.
  4704 | D:5      | Noticed Pikel
  4725 | D:5      | Killed Pikel
  4725 | D:5      | Reached * piety under Okawaru
  4726 | D:5      | Reached XP level 8. HP: 28/66 MP: 8/8
  4747 | D:5      | Reached skill level 9 in Ranged Weapons
  5320 | D:6      | Noticed Sigmund
  5337 | D:6      | Killed Sigmund
  5393 | D:6      | Reached ** piety under Okawaru
  5394 | D:6      | Reached XP level 9. HP: 38/73 MP: 9/9
  5547 | D:6      | Reached skill level 5 in Fighting
  5650 | D:6      | Noticed Grinder
  5674 | D:6      | Killed Grinder
  6038 | D:6      | HP: 3/61 [wight/+0 great sword (10)]
  6038 | D:6      | Slain by a wight

Illustrated notes

Levels and vault maps discovered:
D:1:      giann_wishing_wells, layout_basic, serial_shops, nicolae_shop_crystal,
          nrook_mini_vaults, nicolae_grassy_gnolls
D:2:      layout_loops_ring, chequers_ecumenical_altar_simple,
          serial_bayou_crossing, uniq_robin
D:3:      layout_basic, grunt_temple_overflow_diamond, serial_shops, shop,
          nicolae_shop_statue_plus, shop, nicolae_shop_advertising_works
          [nicolae_subvault_shop_adworks], nicolae_shop_bloodbath_and_beyond
D:4:      layout_rooms, okawaru_gym_becter
D:5:      layout_loops_ring, cheibrodos_worm_habitat, serial_shops,
          nicolae_stop_n_shop_1, nicolae_diamond_shop, uniq_blork_the_orc,
          uniq_edmund, uniq_pikel
D:6:      layout_basic, minmay_temple_entry_statues, minmay_lizard_king,
          uniq_grinder, uniq_sigmund
D:7:      layout_loops_ring, lemuel_crystal_altar
Temple:   corrupted_temple

Skill      XL: |  1  2  3  4  5  6  7  8  9 |
---------------+----------------------------+-----
Ranged Weapons | 4 5 6 7 8 9 |  9.8
Stealth        | 3 4 |  4.0
Dodging        | 3 4 |  4.4
Fighting       | 4 5 |  5.5

Action                     |  1- 3 |  4- 6 |  7- 9 || total
---------------------------+-------+-------+-------++-------
   Fire: Shortbow          |   127 |    48 |       ||   175
         Sling             |       |   159 |   272 ||   431
  Throw: Dart              |       |       |    13 ||    13
Ability: Breathe Lightning |       |       |     3 ||     3
    Use: Potion            |       |     2 |       ||     2
 Armour: Skin              |    40 |    54 |    31 ||   125
  Dodge: Dodged            |    69 |    76 |   112 ||   257

Table legend: (Time is in decaauts)
 A = Elapsed time spent in this place.
 B = Non-inter-level travel time spent in this place.
 C = Inter-level travel time spent in this place.
 D = Time resting spent in this place.
 E = Time spent auto-exploring this place.
 F = Levels seen in this place.
 G = Mean time per level.
                   A        B        C        D        E       F      G
               +--------+--------+--------+--------+--------+-----+--------+
         Total |   6108 |   5660 |    448 |    722 |   3880 |   8 |  763.5 |
       Dungeon |   6065 |   5632 |    433 |    722 |   3858 |   7 |  866.4 |
        Temple |     43 |     28 |     15 |      0 |     22 |   1 |   43.0 |
               +--------+--------+--------+--------+--------+-----+--------+

Top non-repeatable levels by time:
     D:5: 1362 daAuts
     D:6: 1069 daAuts
     D:1: 865 daAuts
     D:2: 832 daAuts
     D:3: 759 daAuts
     D:4: 611 daAuts
     D:7: 564 daAuts
  Temple: 43 daAuts
